 Dungeon Crawl Stone Soup version 0.23.1 (webtiles) character file.

Game seed: 10775507494396593259

577 Kairos the Sneak (level 7, -2/54 HPs)
             Began as a Vine Stalker Assassin on Mar 17, 2019.
             Was a Believer of Uskayaw.
             Slain by a worker ant (3 damage)
             ... on level 5 of the Dungeon.
             The game lasted 00:05:42 (3802 turns).

Kairos the Sneak (Vine Stalker Assassin)            Turns: 3802, Time: 00:05:43

Health: -2/54      AC:  6    Str: 17    XL:     7   Next: 35%
Magic:  0/8        EV: 11    Int: 11    God:    Uskayaw [**....]
Gold:   231        SH:  0    Dex: 19    Spells: 4/6 levels left

rFire    . . .     SeeInvis .   k - +0 rapier
rCold    . . .     Gourm    .   (no shield)
rNeg     . . .     Faith    .   x - +0 ring mail
rPois    +         Spirit   +   (no helmet)
rElec    .         Reflect  .   d - +0 cloak
rCorr    .         Harm     .   (no gloves)
MR       .....                  (no boots)
Stlth    ..........             (no amulet)
HPRegen  0.58/turn              l - ring of poison resistance
MPRegen  0.11/turn              (no ring)

@: berserking, lethally poisoned (-2 -> -4), very quick
A: fangs 2, agile 1, regeneration 1, weak 1, magic shield, antimagic bite, no
potion heal 3, rot immunity, MP-powered wands
a: Stomp, Line Pass, Renounce Religion


You were on level 5 of the Dungeon.
You worshipped Uskayaw.
Uskayaw was noncommittal.
You were very hungry.

You visited 2 branches of the dungeon, and saw 6 of its levels.

You collected 231 gold pieces.

Inventory:

Hand Weapons
 a - a +2 dagger
 b - a +0 blowgun
 k - a +0 rapier (weapon)
Missiles
 e - 22 poisoned needles
 f - 2 curare-tipped needles
 o - 3 javelins (quivered)
Armour
 c - a +0 robe
 d - a +0 cloak (worn)
 q - a +0 ring mail
 x - a +0 ring mail (worn)
Jewellery
 l - a ring of poison resistance (left hand)
Wands
 B - a wand of flame (18)
Scrolls
 i - a scroll of remove curse
 j - 2 scrolls of blinking
 r - 2 scrolls of immolation
 s - a scroll of enchant armour {unknown}
 w - 2 scrolls of teleportation {unknown}
 y - a scroll of magic mapping
 z - a scroll of fear {unknown}
 A - 2 scrolls of identify
 C - 2 scrolls of amnesia {unknown}
 F - a scroll of enchant weapon {unknown}
Potions
 h - a potion of ambrosia
 m - 2 potions of curing
 n - a potion of brilliance {unknown}
 p - a potion of cancellation {unknown}
 t - a potion of haste {unknown}
 u - 2 potions of heal wounds {unknown}
 v - a potion of agility {unknown}
Comestibles
 g - 8 rations


   Skills:
 + Level 3.1 Fighting
 + Level 3.9 Short Blades
 + Level 1.9 Throwing
 + Level 2.5 Armour
 + Level 1.9 Dodging
 + Level 7.2 Stealth


You had 4 spell levels left.
You knew the following spells:

 Your Spells              Type           Power        Failure   Level  Hunger
a - Blink                 Tloc           N/A          67%         2    ###....

Your spell library contained the following spells:

 Spells                   Type           Power        Failure   Level  Hunger
 Magic Dart               Conj           #...         54%         1    ##.....
 Call Imp                 Summ           #.......     67%         2    ###....
 Slow                     Hex            #.......     67%         2    ###....
 Conjure Flame            Conj/Fire      #.......     88%         3    ####...
 Mephitic Cloud           Conj/Pois/Air  #.......     88%         3    ####...


Dungeon Overview and Level Annotations

Branches:
Dungeon (5/15)             Temple (1/1) D:5

Altars:
Ashenzari
Dithmenos
Elyvilon
Hepliaklqana
Okawaru
Trog
Uskayaw
Wu Jian
Yredelemnul

Annotations:
D:3 1 runed translucent door


Innate Abilities, Weirdness & Mutations

You have extremely sharp teeth.
Your natural rate of healing is unusually fast.
When hurt, damage is shared between your health and your magic reserves.
Your bite disrupts and absorbs the magic of your enemies.
Potions cannot restore your health.
You are immune to rotting.
You are agile. (Dex +2)
You are weak. (Str -2)
You expend magic power (3 MP) to strengthen your wands.


Message History

The centaur hits you.
* * * LOW HITPOINT WARNING * * *
The gnoll barely misses you. The worker ant barely misses you.
The worker ant bites you but does no damage.
The centaur barely misses you.
Okay, then.
A red film seems to cover your vision as you go berserk!
You feel yourself moving faster!
You feel mighty!
A gnoll comes into view.
The gnoll closely misses you. The worker ant barely misses you.
The worker ant bites you but does no damage.
The centaur misses you.
You barely miss the centaur.
The centaur is almost dead.
The gnoll shouts!
The centaur misses you. The worker ant bites you.
* * * LOW HITPOINT WARNING * * *
You are lethally poisoned!
The worker ant poisons you! The worker ant bites you.
You die...

#.........#
#.........###
#...........###
#####.........##
######.......#..# #####
#....#.........†#
#(..###....#...>...##..
#...a#g...........###)
###.(@ca...g......# ##
####a((.......#.# #
#.((.........####
#⌠.>.⌠....>......
#..%.............
#..⌠...........#[
#?...............
.................
.............. .##


You could see a centaur, 3 worker ants and 2 gnolls.

Vanquished Creatures
  An ice beast (D:5)
  The ghost of Flogoulo the Gusty, an amateur TeAE (D:3)
  2 scorpions
  A crimson imp (D:2)
  A bullfrog skeleton (D:5)
  2 orc priests
  A worker ant (D:4)
  A gnoll (D:4)
  7 adders
  A river rat (D:3)
  4 worms
  3 dart slugs
  5 leopard geckos
  9 orcs
  2 ball pythons (D:3)
  7 giant cockroaches
  3 goblins (D:2)
  2 hobgoblins (D:1)
  3 jackals (D:3)
  3 kobolds
  4 quokkas
  7 bats
  2 frilled lizards
  A leopard gecko skeleton (D:4)
  A quokka zombie (D:5)
  2 rats (D:2)
76 creatures vanquished.

Notes
Turn   | Place    | Note
-------+----------+-------------------------------------------
     0 | D:1      | Kairos the Vine Stalker Assassin began the quest for the
                  | Orb.
     0 | D:1      | Reached XP level 1. HP: 11/11 MP: 2/2
   222 | D:1      | Reached skill level 5 in Stealth
   247 | D:1      | Reached XP level 2. HP: 8/15 MP: 3/3
   686 | D:2      | Reached XP level 3. HP: 18/18 MP: 4/4
   752 | D:2      | Reached skill level 1 in Dodging
   752 | D:2      | Reached skill level 6 in Stealth
   752 | D:2      | Gained mutation: Your natural rate of healing is unusually
                  | fast. [Vine Stalker growth]
   752 | D:2      | Reached XP level 4. HP: 19/23 MP: 5/5
   954 | D:2      | Found a white marble altar of Elyvilon.
  1488 | D:3      | Found a runed translucent door.
  1489 | D:3      | Noticed Flogoulo's ghost (amateur TeAE)
  1553 | D:3      | Found a runed translucent door.
  1600 | D:3      | Reached XP level 5. HP: 24/26 MP: 4/6
  1958 | D:3      | Reached skill level 1 in Armour
  1975 | D:3      | Killed Flogoulo's ghost
  1975 | D:3      | Reached XP level 6. HP: 26/32 MP: 7/7
  2310 | D:4      | Reached skill level 7 in Stealth
  2362 | D:4      | Gained mutation: You are weak. (Str -2) [potion of
                  | mutation]
  2362 | D:4      | Gained mutation: You expend magic power (3 MP) to
                  | strengthen your wands. [potion of mutation]
  2362 | D:4      | Gained mutation: You are agile. (Dex +2) [potion of
                  | mutation]
  2821 | D:4      | Found a bloodstained altar of Trog.
  2821 | D:4      | Found an iron altar of Okawaru.
  3070 | D:5      | Entered Level 5 of the Dungeon
  3097 | D:5      | Found an ornate altar of the Wu Jian Council.
  3117 | D:5      | Learned a level 2 spell: Blink
  3128 | D:5      | Reached XP level 7. HP: 33/35 MP: 6/8
  3464 | D:5      | Found a staircase to the Ecumenical Temple.
  3473 | Temple   | Entered the Ecumenical Temple
  3663 | Temple   | Became a worshipper of Uskayaw the Reveler
  3795 | D:5      | Reached * piety under Uskayaw
  3798 | D:5      | Reached ** piety under Uskayaw
  3802 | D:5      | HP: 1/54 [worker ant (3)]
  3802 | D:5      | Slain by a worker ant

Skill      XL: |  1  2  3  4  5  6  7 |
---------------+----------------------+-----
Stealth        | 5 6 7 |  7.2
Short Blades   | 2 3 |  3.9
Fighting       | 2 3 |  3.1
Dodging        | 1 |  1.9
Armour         | 1 2 |  2.5
Throwing       | |  1.9

Action                   |  1- 3 |  4- 6 |  7- 9 || total
-------------------------+-------+-------+-------++-------
Melee: Dagger            |    54 |   240 |       ||   294
       Bite              |    15 |    68 |    11 ||    94
       Rapier            |       |    35 |    19 ||    54
  Use: Scroll            |     5 |     4 |       ||     9
       Potion            |       |     3 |     1 ||     4
 Stab: Sleeping          |     3 |    12 |     1 ||    16
       Distracted        |       |     1 |       ||     1
  Eat: Chunk             |       |     7 |     1 ||     8
Armor: Ring mail         |    16 |    88 |     9 ||   113
       Robe              |     1 |       |       ||     1
Dodge: Dodged            |    31 |   112 |    28 ||   171
